[ AOE2 MATCH · #505231976 ]
UnrankedCumans vs Tatars
Player's team · LOSS
Rival team · WIN
[ REPLAY ANALYSIS · EXTRACTED FROM THE RECORDED GAME ]
Feudal
9:03
Castle
22:25
Imperial
38:20
| APM avg | 55.1 |
| APM peak | 97 |
| eAPM avg | 31.5 |
| Villagers / military | 134 / 124 |
Focus
⚔️ 33.7% · 🌾 66.3%
Skirmisher ×55 · Scout Cavalry ×33 · Kipchak ×21 · Trebuchet (Packed) ×5 · Battering Ram ×4 · Spearman ×3
Feudal
8:51
Castle
24:35
Imperial
36:35
| APM avg | 59.1 |
| APM peak | 100 |
| eAPM avg | 25.3 |
| Villagers / military | 116 / 102 |
Focus
⚔️ 42.3% · 🌾 57.7%
Cavalry Archer ×59 · Scout Cavalry ×35 · Trebuchet (Packed) ×5 · Skirmisher ×2 · Monk ×1
Match map
Initial resources + every placement click. Lines = walls · curves = elevation contours. ◆ gold · ⬟ stone · ● berries · ✦ relic · ◌ wall gap
Your base· Open — opponent sealed themselves in
★ DrumM ❿'s base· ✓ Closed at 24:35 · 53t walls · no gate
Smoothed initial terrain · ◌ = detected wall gap · hover for details
Inputs per minute
— I believe I can fly - - ★ DrumM ❿
Build order — I believe I can fly
First 150 of 460 actions detected
| 0:01 | Queue | Villager (Male) |
| 0:01 | Queue | Villager (Male) |
| 0:02 | Build | House |
| 0:04 | Build | House |
| 0:19 | Queue | Villager (Male) |
| 0:26 | Queue | Villager (Male) |
| 0:26 | Queue | Villager (Male) |
| 1:32 | Queue | Villager (Male) |
| 1:54 | Build | Lumber Camp |
| 2:06 | Queue | Villager (Male) |
| 2:06 | Queue | Villager (Male) |
| 2:21 | Queue | Villager (Male) |
| 2:47 | Queue | Villager (Male) |
| 2:53 | Queue | Villager (Male) |
| 2:53 | Queue | Villager (Male) |
| 3:50 | Queue | Villager (Male) |
| 3:51 | Queue | Villager (Male) |
| 4:00 | Build | House |
| 4:48 | Queue | Villager (Male) |
| 4:53 | Build | Mill |
| 5:10 | Queue | Villager (Male) |
| 5:29 | Queue | Villager (Male) |
| 5:43 | Queue | Villager (Male) |
| 5:49 | Research | Loom |
| 6:51 | Research | Feudal Age |
| 6:51 | Research | Feudal Age |
| 7:26 | Build | House |
| 8:11 | Build | Mill |
| 8:16 | Queue | Villager (Male) |
| 9:03 | Age | Feudal Age |
| 9:05 | Build | Town Center |
| 9:12 | Research | Double-Bit Axe |
| 9:21 | Queue | Villager (Male) |
| 9:49 | Queue | Villager (Male) |
| 10:05 | Build | House |
| 10:16 | Queue | Villager (Male) |
| 10:38 | Build | Palisade Wall |
| 10:41 | Queue | Villager (Male) |
| 10:43 | Build | Farm |
| 10:49 | Build | House |
| 10:51 | Queue | Villager (Male) |
| 10:54 | Build | Palisade Wall |
| 11:02 | Build | Barracks |
| 11:04 | Queue | Villager (Male) |
| 11:08 | Queue | Villager (Male) |
| 11:14 | Build | House |
| 11:34 | Queue | Villager (Male) |
| 11:36 | Build | House |
| 11:42 | Build | Farm |
| 11:46 | Build | Farm |
| 11:53 | Queue | Villager (Male) |
| 11:53 | Queue | Villager (Male) |
| 12:02 | Build | Farm |
| 12:03 | Queue | Spearman |
| 12:08 | Build | Farm |
| 12:16 | Build | Farm |
| 12:21 | Build | Farm |
| 12:25 | Queue | Villager (Male) |
| 12:25 | Queue | Villager (Male) |
| 12:34 | Queue | Villager (Male) |
| 12:34 | Queue | Villager (Male) |
| 12:39 | Build | Farm |
| 12:46 | Build | Palisade Wall |
| 12:54 | Queue | Villager (Male) |
| 12:55 | Build | Farm |
| 13:03 | Build | Farm |
| 13:15 | Queue | Villager (Male) |
| 13:24 | Queue | Villager (Male) |
| 13:24 | Queue | Villager (Male) |
| 13:38 | Build | Palisade Wall |
| 13:39 | Build | Palisade Wall |
| 13:41 | Build | House |
| 13:43 | Build | Palisade Wall |
| 13:49 | Queue | Spearman |
| 13:59 | Queue | Villager (Male) |
| 13:59 | Queue | Villager (Male) |
| 14:01 | Build | Farm |
| 14:03 | Build | Farm |
| 14:06 | Build | Farm |
| 14:12 | Queue | Spearman |
| 14:15 | Build | Mining Camp |
| 14:18 | Build | House |
| 14:20 | Build | House |
| 14:23 | Build | House |
| 14:27 | Build | House |
| 14:31 | Build | Palisade Wall |
| 14:32 | Queue | Villager (Male) |
| 14:39 | Queue | Villager (Male) |
| 14:39 | Queue | Villager (Male) |
| 14:43 | Build | Farm |
| 14:56 | Queue | Villager (Male) |
| 15:02 | Queue | Villager (Male) |
| 15:02 | Queue | Villager (Male) |
| 15:05 | Build | Farm |
| 15:17 | Queue | Villager (Male) |
| 15:31 | Queue | Villager (Male) |
| 15:33 | Build | Watch Tower |
| 15:36 | Queue | Villager (Male) |
| 15:36 | Queue | Villager (Male) |
| 15:54 | Build | Mining Camp |
| 15:55 | Queue | Villager (Male) |
| 15:55 | Queue | Villager (Male) |
| 16:01 | Queue | Villager (Male) |
| 16:08 | Queue | Villager (Male) |
| 16:12 | Build | Palisade Wall |
| 16:13 | Build | Palisade Wall |
| 16:21 | Queue | Villager (Male) |
| 16:33 | Build | Market |
| 16:45 | Build | Farm |
| 16:46 | Queue | Villager (Male) |
| 16:55 | Build | House |
| 16:58 | Build | Watch Tower |
| 17:03 | Queue | Villager (Male) |
| 17:11 | Queue | Villager (Male) |
| 17:23 | Build | Mill |
| 17:27 | Build | House |
| 17:42 | Build | Farm |
| 17:49 | Build | Palisade Wall |
| 18:01 | Build | Farm |
| 18:17 | Build | Farm |
| 18:31 | Build | Outpost |
| 18:39 | Build | Farm |
| 18:53 | Build | Blacksmith |
| 19:16 | Build | House |
| 19:26 | Build | Watch Tower |
| 19:45 | Research | Castle Age |
| 19:45 | Research | Castle Age |
| 19:45 | Research | Castle Age |
| 20:02 | Build | Palisade Wall |
| 20:03 | Build | Watch Tower |
| 20:23 | Research | Fletching |
| 20:23 | Research | Fletching |
| 20:56 | Build | Lumber Camp |
| 21:49 | Queue | Villager (Male) |
| 22:09 | Research | Horse Collar |
| 22:17 | Queue | Villager (Male) |
| 22:25 | Age | Castle Age |
| 22:32 | Build | Stable |
| 22:35 | Queue | Villager (Male) |
| 22:46 | Research | Wheelbarrow |
| 22:48 | Queue | Villager (Male) |
| 22:53 | Research | Bow Saw |
| 23:02 | Build | Palisade Wall |
| 23:13 | Queue | Villager (Male) |
| 23:27 | Build | Castle |
| 23:32 | Queue | Villager (Male) |
| 23:38 | Build | Farm |
| 23:39 | Queue | Villager (Male) |
| 23:51 | Queue | Villager (Male) |
| 24:03 | Build | Farm |
Build order — ★ DrumM ❿
First 150 of 410 actions detected
| 0:01 | Queue | Villager (Male) |
| 0:02 | Build | House |
| 0:03 | Build | House |
| 0:09 | Queue | Villager (Male) |
| 0:09 | Queue | Villager (Male) |
| 0:17 | Queue | Villager (Male) |
| 0:17 | Queue | Villager (Male) |
| 1:09 | Queue | Villager (Male) |
| 1:49 | Queue | Villager (Male) |
| 1:50 | Queue | Villager (Male) |
| 2:10 | Queue | Villager (Male) |
| 2:10 | Queue | Villager (Male) |
| 2:18 | Build | Lumber Camp |
| 2:49 | Queue | Villager (Male) |
| 2:50 | Queue | Villager (Male) |
| 2:50 | Queue | Villager (Male) |
| 3:20 | Queue | Villager (Male) |
| 3:24 | Build | House |
| 3:39 | Build | Palisade Wall |
| 3:40 | Build | Palisade Wall |
| 3:57 | Queue | Villager (Male) |
| 4:07 | Queue | Villager (Male) |
| 4:23 | Research | Loom |
| 4:28 | Queue | Villager (Male) |
| 4:42 | Queue | Villager (Male) |
| 5:35 | Queue | Villager (Male) |
| 5:35 | Queue | Villager (Male) |
| 5:43 | Build | Mill |
| 6:41 | Research | Feudal Age |
| 6:41 | Research | Feudal Age |
| 7:54 | Build | Barracks |
| 7:56 | Build | House |
| 8:00 | Build | Palisade Wall |
| 8:23 | Queue | Villager (Male) |
| 8:51 | Age | Feudal Age |
| 8:54 | Queue | Villager (Male) |
| 8:56 | Research | Double-Bit Axe |
| 8:57 | Research | Double-Bit Axe |
| 9:08 | Build | Stable |
| 9:17 | Queue | Villager (Male) |
| 9:35 | Build | Mill |
| 9:56 | Build | House |
| 10:04 | Queue | Scout Cavalry |
| 10:04 | Queue | Scout Cavalry |
| 10:08 | Build | House |
| 10:10 | Build | House |
| 10:15 | Queue | Villager (Male) |
| 10:18 | Research | Horse Collar |
| 10:18 | Research | Horse Collar |
| 10:23 | Build | Palisade Wall |
| 10:24 | Build | Palisade Wall |
| 10:29 | Queue | Villager (Male) |
| 10:37 | Queue | Villager (Male) |
| 10:45 | Build | Farm |
| 11:05 | Queue | Villager (Male) |
| 11:12 | Build | Mining Camp |
| 11:40 | Queue | Villager (Male) |
| 11:41 | Queue | Scout Cavalry |
| 11:55 | Build | Watch Tower |
| 11:58 | Queue | Scout Cavalry |
| 12:01 | Queue | Villager (Male) |
| 12:10 | Build | Farm |
| 12:25 | Build | House |
| 12:30 | Build | Palisade Wall |
| 12:42 | Build | Watch Tower |
| 12:44 | Queue | Villager (Male) |
| 12:48 | Build | Farm |
| 12:55 | Queue | Villager (Male) |
| 13:16 | Queue | Villager (Male) |
| 13:18 | Build | Farm |
| 13:19 | Queue | Villager (Male) |
| 13:20 | Build | Farm |
| 13:35 | Queue | Villager (Male) |
| 14:12 | Queue | Villager (Male) |
| 14:14 | Build | Farm |
| 14:16 | Build | Farm |
| 14:17 | Build | Farm |
| 14:18 | Queue | Villager (Male) |
| 14:20 | Build | Farm |
| 14:25 | Build | Palisade Wall |
| 14:41 | Queue | Villager (Male) |
| 14:52 | Build | Watch Tower |
| 15:02 | Queue | Villager (Male) |
| 15:05 | Build | House |
| 15:08 | Build | House |
| 15:10 | Build | House |
| 15:17 | Queue | Scout Cavalry |
| 15:23 | Queue | Villager (Male) |
| 15:40 | Build | Watch Tower |
| 15:42 | Queue | Villager (Male) |
| 15:47 | Build | Palisade Wall |
| 15:53 | Queue | Scout Cavalry |
| 16:16 | Queue | Villager (Male) |
| 16:22 | Build | House |
| 16:23 | Queue | Villager (Male) |
| 16:25 | Build | Blacksmith |
| 16:27 | Build | Palisade Wall |
| 16:27 | Build | Palisade Wall |
| 16:35 | Queue | Villager (Male) |
| 16:43 | Build | House |
| 16:48 | Queue | Villager (Male) |
| 16:51 | Build | Farm |
| 16:52 | Build | Farm |
| 17:22 | Queue | Villager (Male) |
| 17:24 | Build | Farm |
| 17:26 | Build | Farm |
| 17:28 | Build | Farm |
| 17:32 | Build | Farm |
| 17:38 | Queue | Villager (Male) |
| 17:48 | Build | House |
| 17:49 | Build | Palisade Wall |
| 17:50 | Build | Palisade Wall |
| 17:50 | Build | Palisade Wall |
| 17:52 | Build | Palisade Wall |
| 17:53 | Build | Palisade Wall |
| 17:53 | Build | Palisade Wall |
| 17:54 | Build | Palisade Wall |
| 17:59 | Queue | Villager (Male) |
| 18:01 | Build | Farm |
| 18:09 | Research | Town Watch |
| 18:10 | Queue | Villager (Male) |
| 18:12 | Research | Fletching |
| 18:12 | Research | Fletching |
| 18:14 | Queue | Villager (Male) |
| 18:14 | Queue | Villager (Male) |
| 18:28 | Queue | Villager (Male) |
| 18:31 | Build | Farm |
| 19:16 | Build | Watch Tower |
| 19:21 | Build | Watch Tower |
| 19:38 | Queue | Villager (Male) |
| 19:42 | Build | Lumber Camp |
| 19:45 | Build | Mining Camp |
| 19:59 | Build | Watch Tower |
| 20:15 | Build | House |
| 20:23 | Queue | Villager (Male) |
| 20:27 | Research | Gold Mining |
| 20:27 | Research | Gold Mining |
| 20:58 | Queue | Villager (Male) |
| 21:06 | Queue | Villager (Male) |
| 21:28 | Build | Watch Tower |
| 21:46 | Build | House |
| 21:48 | Queue | Villager (Male) |
| 21:54 | Research | Castle Age |
| 21:54 | Research | Castle Age |
| 22:00 | Build | Archery Range |
| 22:02 | Build | Archery Range |
| 22:06 | Build | Palisade Wall |
| 22:07 | Build | Palisade Wall |
| 22:08 | Build | Palisade Wall |
| 22:08 | Build | Palisade Wall |
Match timeline
| 3:39 | ★ DrumM ❿ · wall_segment Palisade Wall x1 |
| 3:40 | ★ DrumM ❿ · wall_segment Palisade Wall x1 |
| 7:54 | ★ DrumM ❿ · first_building Barracks |
| 8:00 | ★ DrumM ❿ · wall_segment Palisade Wall x1 |
| 8:51 | ★ DrumM ❿ · age_up feudal |
| 9:03 | I believe I can fly · age_up feudal |
| 9:08 | ★ DrumM ❿ · first_building Stable |
| 10:23 | ★ DrumM ❿ · wall_segment Palisade Wall x4 |
| 10:24 | ★ DrumM ❿ · wall_segment Palisade Wall x2 |
| 10:38 | I believe I can fly · wall_segment Palisade Wall x3 |
| 10:54 | I believe I can fly · wall_segment Palisade Wall x3 |
| 11:02 | I believe I can fly · first_building Barracks |
| 12:30 | ★ DrumM ❿ · wall_segment Palisade Wall x11 |
| 12:46 | I believe I can fly · wall_segment Palisade Wall x7 |
| 13:38 | I believe I can fly · wall_segment Palisade Wall x1 |
| 13:39 | I believe I can fly · wall_segment Palisade Wall x1 |
| 13:43 | I believe I can fly · wall_segment Palisade Wall x1 |
| 14:25 | ★ DrumM ❿ · wall_segment Palisade Wall x8 |
| 14:31 | I believe I can fly · wall_segment Palisade Wall x4 |
| 15:47 | ★ DrumM ❿ · wall_segment Palisade Wall x1 |
| 16:12 | I believe I can fly · wall_segment Palisade Wall x8 |
| 16:13 | I believe I can fly · wall_segment Palisade Wall x3 |
| 16:27 | ★ DrumM ❿ · wall_segment Palisade Wall x5 |
| 16:27 | ★ DrumM ❿ · wall_segment Palisade Wall x6 |
| 17:44 | I believe I can fly · first_market_buy 100 food |
| 17:49 | ★ DrumM ❿ · wall_segment Palisade Wall x1 |
| 17:49 | I believe I can fly · wall_segment Palisade Wall x1 |
| 17:50 | ★ DrumM ❿ · wall_segment Palisade Wall x1 |
| 17:50 | ★ DrumM ❿ · wall_segment Palisade Wall x1 |
| 17:52 | ★ DrumM ❿ · wall_segment Palisade Wall x2 |
| 17:53 | ★ DrumM ❿ · wall_segment Palisade Wall x3 |
| 17:53 | ★ DrumM ❿ · wall_segment Palisade Wall x1 |
| 17:54 | ★ DrumM ❿ · wall_segment Palisade Wall x1 |
| 20:02 | I believe I can fly · wall_segment Palisade Wall x1 |
| 22:00 | ★ DrumM ❿ · first_building Archery Range |
| 22:06 | ★ DrumM ❿ · wall_segment Palisade Wall x1 |
| 22:07 | ★ DrumM ❿ · wall_segment Palisade Wall x1 |
| 22:08 | ★ DrumM ❿ · wall_segment Palisade Wall x1 |
| 22:08 | ★ DrumM ❿ · wall_segment Palisade Wall x1 |
| 22:09 | ★ DrumM ❿ · wall_segment Palisade Wall x1 |
| 22:09 | ★ DrumM ❿ · wall_segment Palisade Wall x1 |
| 22:10 | ★ DrumM ❿ · wall_segment Palisade Wall x1 |
| 22:25 | I believe I can fly · age_up castle |
| 22:32 | I believe I can fly · first_building Stable |
| 23:02 | I believe I can fly · wall_segment Palisade Wall x1 |
| 23:27 | I believe I can fly · first_building Castle |
| 24:35 | ★ DrumM ❿ · age_up castle |
| 26:25 | I believe I can fly · first_building Archery Range |
| 32:51 | ★ DrumM ❿ · first_building Monastery |
| 33:14 | ★ DrumM ❿ · first_building Castle |
| 36:35 | ★ DrumM ❿ · age_up imperial |
| 38:12 | ★ DrumM ❿ · first_market_buy 100 wood |
| 38:20 | I believe I can fly · age_up imperial |
| 38:29 | I believe I can fly · first_building Siege Workshop |
| 38:58 | I believe I can fly · first_market_sell 100 food |
| 40:57 | ★ DrumM ❿ · first_market_sell 100 wood |
| 42:42 | I believe I can fly · resign |
[ AI ANALYSIS · 1 CREDIT ]
What really happened in this match?
Wolo.gg analyzes every decision: build order, eco, micro, common mistakes by bracket. Personalized analysis on WhatsApp or Discord in 30 seconds.
Civ guide
Cumans
Perfil
I believe I can fly